 Dungeon Crawl Stone Soup version 0.30-a0-219-gf2db51d15e (webtiles) character file.

Game seed: 10048443137088957057

572222 Bruhh the Cryomancer (level 27, -4/328 HPs)
             Began as an Ogre Air Elementalist on Oct 5, 2022.
             Was a High Priest of Hepliaklqana.
             Killed from afar by an orb of fire (16 damage)
             ... with a fireball
             ... on level 5 of the Realm of Zot on Oct 7, 2022.
             The game lasted 03:59:39 (86287 turns).

Bruhh the Cryomancer (Ogre Air Elementalist)       Turns: 86287, Time: 03:59:39

Health: -4/328     AC: 31    Str: 17 (20) XL:     27
Magic:  51/64      EV:  4    Int: 33 (35) God:    Hepliaklqana [*****.]
Gold:   1974       SH: 15    Dex:  8 (9)  Spells: 12/64 levels left

rFire   + + .      SeeInvis +    y - +7 trident "Elom" {speed, rF+ Will+ MP+9}
rCold   + + .      Faith    .    j - +2 kite shield {reflect}
rNeg    + + +      Spirit   .    (body armour currently unavailable)
rPois   ∞          Reflect  +    p - +3 crown of Dyrovepreva {rElec Int+2 SInv}
rElec   +          Harm     .    Y - +2 cloak of Fojaon {*Corrode rN+ Int+7}
rCorr   +          Rampage  .    (gloves unavailable)
Will    ++++.      Rage     3%   (boots unavailable)
Stlth   ..........               d - amulet of magic regeneration
HPRegen 0.74/turn                D - ring "Ydieliuk" {Fly rC+ rN+ Will+ Slay+2}
MPRegen 0.79/turn                V - ring of magical power

@: sluggish, statue-form, silenced (expiring), resistant, fire vulnerable,
corroded, vertiginous, flying, very slow
A: slow and powerful, torment resistance 1, boosted hp, reduced essence, large,
unfitting armour, (tough skin 1), talons 2, berserk 1, fire resistance 1,
screaming 2, MP-powered wands
}: 3/15 runes: serpentine, barnacled, silver
a: End Transformation, Renounce Religion


You were on level 5 of the Realm of Zot.
You worshipped Hepliaklqana.
Hepliaklqana was extremely pleased with you.
You were a living statue of rough stone.
You visited 9 branches of the dungeon, and saw 46 of its levels.
You visited the Abyss 1 time.
You visited 1 bazaar.
You also visited: Ossuary and Ice Cave.

You collected 9867 gold pieces.
You spent 7893 gold pieces at shops.

Inventory:

Hand Weapons
 y - the +7 trident "Elom" (weapon) {speed, rF+ Will+ MP+9}
   (You found it on level 13 of the Dungeon)

   Attacks with this weapon are significantly faster.
   rF:        It protects you from fire.
   MP:        It affects your magic capacity (+9).
   Will:      It increases your willpower.
Armour
 e - the +4 acid dragon scales of Tenacity (melded) {rC+ rCorr Str+2}
   (You acquired it on level 4 of the Dungeon)

   Str:       It affects your strength (+2).
   rC:        It protects you from cold.
   rCorr:     It protects you from acid and corrosion.
 j - a +2 kite shield of reflection (worn)
 p - the +3 crown of Dyrovepreva (worn) {rElec Int+2 SInv}
   (You acquired it on level 7 of the Dungeon)

   Int:       It affects your intelligence (+2).
   rElec:     It insulates you from electricity.
   SInv:      It lets you see invisible.
 Y - the +2 cloak of Fojaon (worn) {*Corrode rN+ Int+7}
   (You acquired it on level 4 of the Lair of Beasts)

   Int:       It affects your intelligence (+7).
   rN:        It protects you from negative energy.
   *Corrode:  It may corrode you when you take damage.
Jewellery
 d - an amulet of magic regeneration (around neck)
 l - the ring "Buysac" {Ice Str+4 Dex+4 Slay-6}
   (You took it off Josephina on level 3 of the Depths)

   [ring of ice]

   It enhances your ice magic.
   Str:       It affects your strength (+4).
   Dex:       It affects your dexterity (+4).
   Slay:      It affects your accuracy & damage with ranged weapons and melee
   (-6).
   rF:        It makes you vulnerable to fire.
   rC:        It protects you from cold.
 m - a ring of flight
 n - a ring of wizardry
 v - a +4 ring of protection
 C - the ring of Shadows {Umbra +Inv Stlth+}
   (You found it on level 5 of the Vaults)

   [ring of stealth]

   It surrounds you with an aura of shadow, increasing your stealth and reducing
   the accuracy of all others within it.
   +Inv:      It lets you turn invisible.
   Stlth:     It makes you more stealthy.
 D - the ring "Ydieliuk" (left fist) {Fly rC+ rN+ Will+ Slay+2}
   (You acquired it on level 8 of the Dungeon)

   [ring of willpower]

   Slay:      It affects your accuracy & damage with ranged weapons and melee
   (+2).
   rC:        It protects you from cold.
   rN:        It protects you from negative energy.
   Fly:       It grants you flight.
   Will:      It increases your willpower.
 O - an amulet of the acrobat
 R - the ring "Hepun" {EV+4 Int+4 Dex+4}
   (You found it on level 2 of the Depths)

   [ring of evasion]

   EV:        It affects your evasion (+4).
   Int:       It affects your intelligence (+4).
   Dex:       It affects your dexterity (+4).
 V - a ring of magical power (right fist)
Wands
 a - a wand of polymorph (3)
 q - a wand of mindburst (22)
 w - a wand of paralysis (41)
 A - a wand of flame (13)
 G - a wand of roots (21)
 L - a wand of acid (18)
Scrolls
 b - 7 scrolls of magic mapping
 c - 8 scrolls of fear
 f - 5 scrolls of brand weapon
 g - 6 scrolls of fog
 o - 8 scrolls of enchant weapon
 x - 2 scrolls of amnesia
 B - 10 scrolls of blinking
 J - 7 scrolls of poison
 K - 10 scrolls of enchant armour
 M - 19 scrolls of teleportation
 N - 3 scrolls of silence
 Q - 2 scrolls of summoning
 U - 6 scrolls of immolation
Potions
 h - 17 potions of mutation
 i - 8 potions of attraction
 k - a potion of magic
 r - 6 potions of lignification
 s - 20 potions of curing
 t - 3 potions of heal wounds
 u - 12 potions of might
 F - 4 potions of invisibility
 H - 6 potions of ambrosia
 I - 4 potions of berserk rage
 S - 10 potions of brilliance
 W - 4 potions of resistance
 Z - 8 potions of haste
Miscellaneous
 z - a condenser vane
 E - a phial of floods


   Skills:
 - Level 18.0 Fighting
 - Level 1.8 Dodging
 - Level 1.4 Stealth
 + Level 19.9 Shields
 - Level 19.1 Spellcasting
 - Level 14.0 Conjurations
 - Level 10.0 Transmutations
 - Level 8.9 Fire Magic
 - Level 24.0 Ice Magic
 - Level 12.4 Air Magic
 - Level 10.0 Earth Magic
 + Level 15.8 Invocations


You had 12 spell levels left.
You knew the following spells:

 Your Spells              Type           Power      Damage    Failure   Level
a - Polar Vortex          Ice            56%        N/A       16%         9
b - Starburst             Conj/Fire      41%        6d12      5%          6
c - Swiftness             Air            85%        N/A       1%          3
d - Irradiate             Conj/Tmut      42%        3d25      1%          5
e - Ozocubu's Refrigerat  Ice            56%        4d20      1%          7
f - Iskenderun's Mystic   Conj/Tloc      67%        2d14      3%          4
g - Statue Form           Tmut/Erth      52%        N/A       9%          6
h - Lightning Bolt        Conj/Air       43%        1d63      1%          5
i - Orb of Destruction    Conj           44%        9d12      9%          7

Your spell library contained the following spells:

 Spells                   Type           Power      Damage    Failure   Level
 Beastly Appendage        Tmut           100%       N/A       1%          1
 Foxfire                  Conj/Fire      100%       2x1d9     1%          1
 Freeze                   Ice            100%       1d11      1%          1
 Kiss of Death            Conj/Necr      100%       2d13      1%          1
 Sandblast                Erth           100%       2d20      1%          1
 Shock                    Conj/Air       100%       1d9       1%          1
 Sting                    Tmut/Pois      100%       1d8       1%          1
 Passwall                 Tmut/Erth      65%        N/A       1%          2
 Poisonous Vapours        Pois/Air       100%       N/A       1%          2
 Scorch                   Fire           100%       2d10      1%          2
 Static Discharge         Conj/Air       100%       2-7/arc   1%          2
 Dazzling Flash           Conj/Hex       100%       N/A       1%          3
 Frozen Ramparts          Ice            100%       1d16      1%          3
 Hailstorm                Conj/Ice       100%       3d20      1%          3
 Ignite Poison            Fire/Tmut/Pois 65%        N/A       1%          3
 Kindle Blastsparks       Fire/Tloc/Air  100%       2d18      1%          3
 Ozocubu's Armour         Ice            100%       N/A       1%          3
 Stone Arrow              Conj/Erth      100%       3d13      1%          3
 Vhi's Electric Charge    Tloc/Air       100%       N/A       1%          3
 Airstrike                Air            42%        2d(7-23)  1%          4
 Flame Wave               Conj/Fire      82%        2d18      1%          4
 Petrify                  Tmut/Erth      78%        N/A       1%          4
 Sticky Flame             Conj/Fire      82%        2d9       1%          4
 Summon Ice Beast         Ice/Summ       84%        N/A       1%          4
 Arcjolt                  Conj/Air       43%        1d53      1%          5
 Fireball                 Conj/Fire      41%        3d17      1%          5
 Freezing Cloud           Conj/Ice/Air   48%        6-21      1%          5
 Iskenderun's Battlesphe  Conj           89%        2d14      1%          5
 Metabolic Englaciation   Hex/Ice        42%        N/A       1%          5
 Inner Flame              Hex/Fire       57%        N/A       2%          3
 Blade Hands              Tmut           39%        N/A       2%          5
 Conjure Ball Lightning   Conj/Air       43%        3x3d15    3%          6
 Simulacrum               Ice/Necr       42%        N/A       4%          6
 Animate Armour           Summ/Erth      100%       N/A       5%          4
 Blink                    Tloc           62%        N/A       6%          2
 Sublimation of Blood     Necr           31%        N/A       6%          2
 Confusing Touch          Hex            31%        N/A       10%         3
 Gell's Gravitas          Tloc           31%        N/A       10%         3
 Lesser Beckoning         Tloc           62%        N/A       10%         3
 Portal Projectile        Hex/Tloc       62%        N/A       10%         3
 Teleport Other           Tloc           31%        N/A       10%         3
 Tukima's Dance           Hex            31%        N/A       10%         3
 Yara's Violent Unravell  Hex/Tmut       29%        3d12      11%         5
 Storm Form               Tmut/Air       40%        N/A       22%         7
 Dispel Undead            Necr           31%        3d14      26%         4
 Manifold Assault         Tloc           31%        N/A       26%         4
 Olgreb's Toxic Radiance  Pois           31%        N/A       26%         4
 Dragon Form              Tmut           39%        N/A       34%         7
 Eringya's Noxious Bog    Tmut/Pois      29%        N/A       43%         6
 Summon Forest            Summ/Tloc      15%        N/A       52%         5
 Summon Mana Viper        Hex/Summ       31%        N/A       52%         5
 Lehudib's Crystal Spear  Conj/Erth      42%        10d10     71%         8
 Summon Cactus Giant      Summ           15%        N/A       96%         6
 Ignition                 Fire           37%        3d11      97%         8
 Enfeeble                 Hex            15%        N/A       100%        7
 Monstrous Menagerie      Summ           15%        N/A       100%        7
 Summon Hydra             Summ           15%        N/A       100%        7
 Discord                  Hex            15%        N/A       100%        8
 Disjunction              Tloc           15%        N/A       100%        8


Dungeon Overview and Level Annotations

Branches:
Dungeon (15/15)            Temple (0/1) D:7            Lair (5/5) D:8
 Shoals (4/4) Lair:3        Snake (4/4) Lair:3        Slime (0/5) Lair:4
    Orc (2/2) D:10            Elf (2/3) Orc:2        Vaults (5/5) D:13
  Crypt (0/3) Vaults:2     Depths (4/4) D:15            Zot (5/5) Depths:4
Ossuary (visited)           IceCv (visited)

Altars:
Fedhas
Gozag
Hepliaklqana
Kikubaaqudgha
Nemelex Xobeh
Okawaru
Sif Muna
Trog
Uskayaw
Vehumet
Wu Jian
Yredelemnul
Zin
The Shining One
Jiyva
Lugonu

Shops:
D:6 ?   D:13 !   Orc:1 *(   Orc:2 (*?[*:*[(   Elf:2 [   Shoals:2 (   Snake:2 :
Snake:3 :?   Vaults:5 ?!!?!!   Depths:3 ?:*[   Depths:4 *

Portals:
Hell: Depths:1 Depths:2 Depths:3 Depths:4
Abyss: Depths:1 Depths:2 Depths:3
Pandemonium: Depths:1 Depths:2 Depths:4
Ziggurat: Depths:3

Annotations:
D:5 2 runed translucent doors, Morbidden's ghost, novice FoHu
D:13 exclusion: obsidian statue
Lair:2 3 runed translucent doors, Echos's ghost, journeyman FoFi
Snake:4 3 runed translucent doors, Stonecrops's ghost, adept FoFi
Depths:2 2 transporters


Innate Abilities, Weirdness & Mutations

You are a living statue of rough stone.
Your actions are slow, but your melee attacks are powerful.
You are resistant to unholy torment.
Your maximum health is greatly increased.
You are immune to poison.
Your equipment is partially melded.
Your life essence is reduced to manifest your ancestor. (-10% HP)
You are too large for most types of armour.
((You have tough skin. (AC +1)))
You have razor-sharp toenails.
You sometimes lose your temper in combat.
Your flesh is heat resistant. (rF+)
You frequently scream uncontrollably at your foes.
You expend magic power (3 MP) to strengthen your wands.


Message History

The orb of fire glows bright magenta.
The bolt of fire hits you! You resist.
* * * LOW HITPOINT WARNING * * *
The orb of fire emits a lurid red light.
The bolt of fire hits you! You resist.
* * * LOW HITPOINT WARNING * * *
An Orb Guardian comes into view.
Unknown command.
You cannot cast spells when silenced!
Okay, then.
Okay, then.
Okay, then.
The orb of fire is no longer mute.
You block the Orb Guardian's attack.
The Orb Guardian hits you but does no damage.
The Killer Klown pantomimes your execution.
The Killer Klown blinks!
You block the Orb Guardian's attack.
The Killer Klown blinks!
The Orb Guardian barely misses you.
Unknown command.
The Orb Guardian attacks as you move away!
You block the Orb Guardian's attack.
The Killer Klown blinks!
The orb of fire emits a lurid red light.
The bolt of fire misses the orb of fire.
The bolt of fire hits you but does no damage.
You resist.
The orb of fire glows bright magenta.
The fireball explodes!
The fireball engulfs you! You resist.
* * * LOW HITPOINT WARNING * * *
The fireball engulfs the orb of fire.
The orb of fire completely resists.
The fireball engulfs the orb of fire.
The orb of fire completely resists.
The fireball engulfs the orb of fire.
The orb of fire completely resists.
The electric golem blinks!
The orb of fire glows deep purple.
The fireball explodes!
The fireball engulfs you!! You resist.
* * * LOW HITPOINT WARNING * * *
The fireball engulfs the orb of fire.
The orb of fire completely resists.
The fireball engulfs the orb of fire.
The orb of fire completely resists.
The fireball engulfs the orb of fire.
The orb of fire completely resists.
The orb of fire glows bright magenta.
The fireball explodes!
The fireball engulfs you! You resist.
You die...

.#.....####....#.........#
##.............#.........#
...............#...#######
...............#...##...##
##.............#.........#
#.............#........[#
###############.......).#
########.########
#.8*Xy..).......#
##**p9..)).....##
#X*pX...p.....#
##XXX........##
#....^......# .
##.....p.....## L.
#......^......# ...
##..........§.^## ...d
##)..............##


You could see 4 orbs of fire, 4 Killer Klowns, an electric golem, 3 tentacled
monstrosities, 3 Orb Guardians and a moth of wrath.

Vanquished Creatures
  A dread lich (Zot:5)
  3 ancient liches (Vaults:5)
  Sojobo (Depths:2)
  Josephina (Depths:3)
  Bai Suzhen (Depths:2)
  3 caustic shrikes (Depths:4)
  5 golden dragons
  Jory (Depths:3)
  A bone dragon (Vaults:2)
  Jorgrun (Elf:2)
  7 Orb Guardians (Zot:5)
  6 tentacled monstrosities
  6 quicksilver dragons
  3 titans
  3 liches
  A walking divine tome (Depths:2)
  A deep elf blademaster (Elf:2)
  An Executioner (Abyss:3)
  A kraken (Shoals:3)
  4 sphinxes
  9 shadow dragons
  Frances (D:12)
  8 death cobs
  Kirke (Lair:3)
  12 storm dragons
  2 tengu reavers
  3 nagarajas (Snake:4)
  3 draconian knights
  Donald (Vaults:2)
  A draconian monk (Zot:3)
  8 fire giants
  A deep elf sorcerer (Vaults:5)
  3 iron dragons
  3 draconian scorchers (Zot:2)
  4 frost giants
  3 draconian shifters
  12 vault wardens
  A draconian stormcaller (Zot:3)
  3 ghost moths
  A deep elf elementalist (Elf:2)
  7 draconian annihilators
  A spriggan defender (Depths:3)
  A war gargoyle (Vaults:5)
  3 orc warlords
  11 ironbound preservers
  15 very ugly things
  A vampire knight (Depths:2)
  7 stone giants
  An ironbound thunderhulk (Vaults:3)
  8 green draconians
  7 black draconians
  2 spark wasps (Depths:3)
  A deep elf demonologist (Vaults:5)
  7 dire elephants
  11 red draconians
  10 yellow draconians
  10 white draconians
  8 purple draconians
  Snorg (D:12)
  5 merfolk javelineers (Shoals:4)
  2 deep elf high priests (Vaults:5)
  3 ettins
  A deep elf death mage (Vaults:5)
  4 fire dragons
  2 great orbs of eyes
  5 merfolk impalers
  12 yaktaur captains
  7 ice dragons
  2 rakshasas
  2 merfolk avatars
  31 vault guards
  3 hydras
  2 peacekeepers (Vaults:4)
  A merfolk aquamancer (Shoals:3)
  6 salamander tyrants
  8 spriggan air magi
  4 boulder beetles
  A catoblepas (shapeshifter) (Vaults:5)
  A death knight (D:13)
  2 two-headed ogres (D:10)
  4 ironbound frosthearts
  An ogre mage (Vaults:5)
  7 centaur warriors
  A catoblepas (Lair:5)
  5 anacondas
  9 dancing weapons
  9 naga warriors
  10 death yaks
  2 satyrs
  10 deep troll shamans
  6 deep troll earth magi
  3 tengu warriors
  A vampire mage (Depths:4)
  15 naga sharpshooters
  Urug (Lair:1)
  5 hell knights
  A spriggan berserker (Depths:2)
  2 sun demons (Shoals:1)
  2 orc high priests (Orc:2)
  6 shock serpents
  Nergalle (D:12)
  8 deep elf knights
  A soul eater (Depths:1)
  2 skeletal warriors (D:12)
  2 iron trolls
  A wretched star (Abyss:3)
  A shadow wraith (Vaults:5)
  A sixfirhy (Depths:1)
  A sea snake (shapeshifter) (Vaults:5)
  A salamander mystic (Snake:3)
  28 deep trolls
  4 glowing orange brains
  12 sea snakes
  A flayed ghost (Depths:1)
  An orange crystal statue (IceCv)
  An orb spider (shapeshifter) (Depths:3)
  16 orc knights
  A naga ritualist (Snake:4)
  15 deep elf archers
  5 wizards
  14 ironbound convokers
  12 lindwurms
  8 harpies
  4 mana vipers
  5 necromancers
  3 phantasmal warriors
  22 deep elf pyromancers
  14 deep elf zephyrmancers
  A salamander (shapeshifter) (Depths:4)
  7 orc sorcerers
  12 manticores
  13 salamanders
  24 ugly things
  7 cyclopes
  6 fauns
  11 moths of wrath
  2 rust devils
  5 elephants (Lair:5)
  6 merfolk sirens
  6 guardian serpents
  30 black mambas
  13 water nymphs
  14 naga magi
  8 vault sentinels
  7 cane toads
  An orange demon (Depths:1)
  A torpor snail (shapeshifter) (Vaults:5)
  Maurice (D:9)
  2 storm dragon simulacra (IceCv)
  Maggie (D:7)
  A yaktaur zombie (Vaults:4)
  A komodo dragon (Lair:1)
  2 unseen horrors
  A demonic crawler (Abyss:3)
  5 freezing wraiths
  A rime drake (Lair:5)
  4 tengu conjurers
  A starcursed mass (Abyss:3)
  A tormentor (Depths:1)
  43 yaktaurs
  2 golden dragon simulacra
  2 ice devils (Depths:1)
  A hellwing (Depths:4)
  A spark wasp simulacrum (Depths:3)
  3 efreet
  21 merfolk
  4 trolls
  4 polar bears
  A sphinx simulacrum (Depths:3)
  3 wind drakes
  2 hornets
  6 blink frogs (Lair:4)
  A fire giant simulacrum (Depths:3)
  A snapping turtle (shapeshifter) (Depths:3)
  7 snapping turtles
  13 slime creatures
  2 raiju (Abyss:3)
  2 dream sheep (Lair:3)
  A flying skull (Abyss:3)
  4 water elementals
  2 wraiths
  2 wyverns
  A spriggan (Depths:3)
  A shadow (D:10)
  2 ynoxinuls (Depths:4)
  A large abomination (Abyss:3)
  25 yaks
  3 basilisks
  2 redbacks (Vaults:3)
  A steam dragon (D:9)
  4 human simulacra
  Grum (D:9)
  An ogre zombie (Vaults:4)
  6 vampire mosquitoes
  5 wargs
  35 nagas
  10 water moccasins
  2 black bears
  A floating eye (Depths:2)
  7 ice dragon simulacra (IceCv)
  35 orc warriors
  2 ice beasts
  A sky beast (D:6)
  6 ogres
  A boggart (D:14)
  An orc zombie (Vaults:1)
  12 wolves
  3 centaurs (D:14)
  2 phantoms
  A kobold brigand (D:10)
  2 bullfrogs
  4 elf zombies (Ossuary)
  2 necrophages
  A glowing shapeshifter simulacrum (Depths:3)
  2 scorpions
  7 wights (D:7)
  4 killer bees
  5 lindwurm simulacra (IceCv)
  4 electric eels
  2 howler monkeys
  4 centaur zombies (Ossuary)
  A quasit (D:4)
  4 human zombies (Ossuary)
  A hound (D:6)
  19 orc priests
  A gnoll bouda (D:5)
  26 orc wizards
  4 iguanas
  3 mummies (Ossuary)
  5 gnolls
  15 adders
  A river rat (D:5)
  8 shadow imps
  11 white imps
  7 ufetubi
  7 worms
  4 dart slugs
  67 orcs
  8 ball pythons
  9 endoplasms
  7 giant cockroaches
  7 goblins
  8 hobgoblins
  11 kobolds
  3 quokkas
  8 bats
  4 frilled lizards
  7 rats
  3 tentacles (Shoals:3)
1423 creatures vanquished.

Vanquished Creatures (collateral kills)
  A dread lich (Vaults:5)
  An ancient lich (Zot:5)
  Parghit (Zot:1)
  A Killer Klown (Zot:5)
  Saint Roka (Depths:3)
  2 caustic shrikes (Depths:4)
  6 golden dragons
  An electric golem (Zot:2)
  6 tentacled monstrosities
  Rupert (Lair:5)
  Asterion (Depths:2)
  4 Orb Guardians (Zot:5)
  3 quicksilver dragons
  A titan (Vaults:5)
  An ancient champion (Depths:2)
  3 death cobs
  A sphinx (Depths:3)
  2 tengu reavers
  9 storm dragons
  8 shadow dragons
  A nagaraja (Snake:4)
  2 draconian knights
  6 draconian monks
  3 fire giants
  5 iron dragons
  2 frost giants
  Louise (Shoals:4)
  5 draconian scorchers
  2 ghost moths (Zot:4)
  A draconian stormcaller (Zot:2)
  8 vault wardens
  9 draconian annihilators
  An orc warlord (Vaults:2)
  2 draconian shifters
  18 very ugly things
  3 war gargoyles
  5 ironbound preservers
  A reaper (Depths:4)
  8 stone giants
  2 vampire knights
  6 ironbound thunderhulks
  7 green draconians
  A deep elf annihilator (Elf:2)
  A lorocyproca (Abyss:3)
  A bunyip (shapeshifter) (D:15)
  4 black draconians
  9 white draconians
  6 yellow draconians
  3 dire elephants (Vaults:2)
  9 red draconians
  2 spark wasps
  5 purple draconians
  A fire dragon (Depths:1)
  2 deep elf death magi
  2 merfolk impalers (Shoals:4)
  A deep elf high priest (Vaults:5)
  An entropy weaver (Vaults:3)
  3 ettins
  A crystal guardian (Vaults:3)
  A hydra (Lair:3)
  2 salamander tyrants
  2 rakshasas
  An ogre mage (Vaults:5)
  3 yaktaur captains
  8 ice dragons
  2 centaur warriors
  A peacekeeper (Vaults:3)
  4 vault guards
  A merfolk avatar (Shoals:4)
  An anaconda (Snake:2)
  3 merfolk aquamancers (Shoals:4)
  2 boulder beetles
  4 death yaks
  4 ironbound frosthearts
  An alligator (shapeshifter) (Vaults:5)
  13 dancing weapons
  3 tengu warriors
  3 deep troll shamans (Depths:3)
  4 deep troll earth magi
  2 naga warriors
  2 orc high priests (Orc:2)
  2 thrashing horrors (Abyss:3)
  A shock serpent (Snake:4)
  2 sun demons (Shoals:1)
  2 hell knights (Depths:4)
  3 naga sharpshooters
  5 deep elf knights
  An iron troll (Depths:1)
  A salamander mystic (Snake:3)
  2 sea snakes (Shoals:1)
  A death drake (Depths:4)
  15 deep trolls
  3 skeletal warriors (D:12)
  4 glowing orange brains
  2 naga ritualists
  A deep elf archer (Elf:2)
  3 wizards
  2 ironbound convokers
  A lindwurm (shapeshifter) (Vaults:5)
  A phantasmal warrior (Vaults:5)
  4 harpies
  4 deep elf pyromancers
  A necromancer (Vaults:2)
  A mana viper (Snake:4)
  5 deep elf zephyrmancers
  4 salamanders
  3 orc knights
  16 ugly things
  16 slime creatures
  A manticore (shapeshifter) (Depths:2)
  2 fauns
  16 moths of wrath
  4 manticores
  A rust devil (Depths:1)
  9 vault sentinels
  6 elephants (Lair:5)
  5 merfolk sirens
  8 black mambas
  A guardian serpent (Snake:1)
  5 naga magi
  6 water nymphs
  7 cane toads
  An elf skeleton (Vaults:1)
  An orange demon (Depths:1)
  5 komodo dragons
  A rime drake (shapeshifter) (D:13)
  2 unseen horrors (D:11)
  3 storm dragon simulacra (IceCv)
  2 rime drakes
  A hellwing (Depths:1)
  13 yaktaurs
  2 golden dragon simulacra (IceCv)
  A tengu conjurer (D:13)
  3 polar bears
  A queen bee (shapeshifter) (Depths:2)
  14 merfolk
  4 trolls
  2 wind drakes
  5 dream sheep
  4 snapping turtles
  4 blink frogs (Lair:4)
  A raiju (Abyss:3)
  2 flying skulls (Abyss:3)
  2 starcursed masses (Abyss:3)
  2 wraiths
  A small abomination (Abyss:3)
  4 water elementals
  2 shadows
  12 yaks
  5 wyverns
  A hog (shapeshifter) (Elf:1)
  A basilisk (D:8)
  3 hogs (Lair:3)
  7 vampire mosquitoes
  A steam dragon (D:7)
  A chaos spawn (Depths:1)
  8 nagas
  2 wargs (Orc:1)
  Duvessa (D:7)
  3 floating eyes (Depths:2)
  6 water moccasins
  A meliai simulacrum (D:15)
  12 orc warriors
  An ice beast (Vaults:4)
  A black bear (Lair:4)
  16 wolves
  2 boggarts (D:14)
  2 ogres (Orc:2)
  8 bullfrogs
  Dowan (D:7)
  A lindwurm simulacrum (IceCv)
  3 killer bees
  4 howler monkeys
  6 orc priests
  An iguana (D:8)
  6 orc wizards
  A white imp (D:7)
  19 orcs
  A kobold (D:10)
  A butterfly (Lair:5)
  A tentacle (Shoals:3)
670 creatures vanquished.

Vanquished Creatures (others)
  A Killer Klown (Zot:5)
  A death cob (Zot:1)
  A draconian knight (Zot:2)
  2 black draconians (Zot:2)
  A yellow draconian (Zot:2)
  A killer bee (D:7)
  2 ancestors
  75 battlemagi
  16 demonic plants (D:4)
  30 fungi
  189 plants
  6 tentacles (Shoals:3)
325 creatures vanquished.

Grand Total: 2418 creatures vanquished

Notes
Turn   | Place    | Note
-------+----------+-------------------------------------------
     0 | D:1      | Bruhh the Ogre Air Elementalist began the quest for the
                  | Orb.
     0 | D:1      | Reached XP level 1. HP: 16/16 MP: 3/3
    70 | D:1      | Reached skill level 1 in Conjurations
   139 | D:1      | Reached XP level 2. HP: 24/24 MP: 1/5
   474 | D:1      | Reached XP level 3. HP: 31/31 MP: 2/6
  1490 | D:2      | Reached XP level 4. HP: 39/39 MP: 0/7
  1493 | D:2      | Learned a level 2 spell: Static Discharge
  2966 | D:3      | Reached XP level 5. HP: 45/45 MP: 5/9
  4446 | D:3      | Found a faded altar of an unknown god.
  4547 | D:3      | Learned a level 3 spell: Swiftness
  4548 | D:4      | Noticed a phantom
  4784 | D:3      | Reached XP level 6. HP: 16/53 MP: 0/12
  5147 | D:4      | Reached skill level 5 in Spellcasting
  5147 | D:4      | Reached skill level 5 in Air Magic
  5545 | D:4      | Reached XP level 7. HP: 42/59 MP: 7/14
  5657 | D:4      | Identified a scroll of acquirement
  5658 | D:4      | Acquired the +4 acid dragon scales of Tenacity {rC+ rCorr
                  | Str+2}
  5919 | D:4      | Learned a level 4 spell: Airstrike
  6458 | D:4      | Found a hazy altar of Hepliaklqana.
  6610 | D:4      | Found an iron altar of Okawaru.
  6659 | D:5      | Entered Level 5 of the Dungeon
  6668 | D:5      | Reached XP level 8. HP: 50/67 MP: 6/17
  6903 | D:4      | Became a worshipper of Hepliaklqana the Forgotten
  6953 | D:5      | Found a runed translucent door.
  6955 | D:5      | Noticed Morbidden's ghost (novice FoHu)
  6985 | D:5      | Found a runed translucent door.
  6995 | D:5      | Found a blossoming altar of Fedhas.
  7477 | D:5      | You fall into a shaft and drop 2 floors!
  7483 | D:7      | Noticed Dowan
  7496 | D:7      | Noticed Duvessa
  7503 | D:7      | Killed Duvessa
  7505 | D:7      | Killed Dowan
  7506 | D:7      | Reached skill level 1 in Fighting
  7519 | D:7      | Acquired the +3 crown of Dyrovepreva {rElec Int+2 SInv}
  7519 | D:7      | Found the +3 crown of Dyrovepreva {rElec Int+2 SInv}
  7546 | D:7      | Found an opulent altar of Gozag.
  7548 | D:7      | Paralysed by a wight for 3 turns
  7555 | D:7      | Reached XP level 9. HP: 68/79 MP: 10/21
  7555 | D:7      | Paralysed by a wight for 2 turns
  7579 | D:7      | Found a sand-covered staircase.
  7584 | Ossuary  | Entered an ossuary
  8150 | Ossuary  | Reached skill level 5 in Fighting
  8326 | D:7      | Found a staircase to the Ecumenical Temple.
  8355 | D:7      | Noticed Maggie
  8468 | D:5      | Found a glowing silver altar of Zin.
  8468 | D:5      | Found a radiant altar of Vehumet.
  8618 | D:5      | Found an ornate altar of the Wu Jian Council.
  8684 | D:5      | Found a shimmering blue altar of Sif Muna.
  8959 | D:6      | Found Moitul's Magic Scroll Emporium.
  8986 | D:6      | Bought 2 scrolls of blinking for 225 gold pieces
  9359 | D:6      | Reached * piety under Hepliaklqana
 10164 | D:7      | Identified the +0 robe of the Accordion {rElec rF+++ MP+9}
 10169 | D:7      | Reached XP level 10. HP: 87/88 MP: 12/22
 10424 | D:7      | Noticed a cyclops
 10432 | D:7      | Killed a cyclops
 10433 | D:7      | Reached skill level 10 in Air Magic
 10653 | D:7      | Killed Maggie
 10965 | D:8      | Reached skill level 10 in Spellcasting
 10965 | D:8      | Acquired the ring "Ydieliuk" {Fly rC+ rN+ Will+ Slay+2}
 11009 | D:8      | Noticed a +0 dagger
 11010 | D:8      | Found a hide-covered altar of Uskayaw.
 11010 | D:8      | Noticed a +0 dagger
 11489 | D:8      | Reached ** piety under Hepliaklqana
 11490 | D:8      | Remembered your ancestor Bianca as a battlemage
 11518 | D:8      | Found a staircase to the Lair.
 11785 | D:8      | Learned a level 3 spell: Frozen Ramparts
 11971 | D:9      | Reached skill level 1 in Ice Magic
 12146 | D:9      | Reached skill level 2 in Ice Magic
 12168 | D:9      | Reached skill level 3 in Ice Magic
 12168 | D:9      | Reached XP level 11. HP: 82/103 MP: 5/25
 12182 | D:9      | Reached skill level 5 in Conjurations
 12188 | D:9      | Learned a level 4 spell: Iskenderun's Mystic Blast
 12276 | D:9      | Noticed Grum
 12282 | D:9      | Killed Grum
 12525 | D:9      | Noticed Maurice
 12538 | D:9      | Killed Maurice
 12919 | D:10     | Entered Level 10 of the Dungeon
 12919 | D:10     | Found a basalt altar of Yredelemnul.
 12924 | D:10     | Noticed a two-headed ogre
 12932 | D:10     | Killed a two-headed ogre
 12933 | D:10     | Reached skill level 4 in Ice Magic
 13518 | D:10     | Found a large runed translucent door.
 13519 | D:10     | Found a large runed translucent door.
 13607 | D:10     | Found a staircase to the Orcish Mines.
 13791 | D:10     | Found a bloodstained altar of Trog.
 13791 | D:10     | Noticed a two-headed ogre
 13797 | D:10     | Killed a two-headed ogre
 13800 | D:10     | Found an ancient bone altar of Kikubaaqudgha.
 14242 | D:11     | Reached *** piety under Hepliaklqana
 14276 | D:11     | Noticed a manticore
 14279 | D:11     | Killed a manticore
 14998 | Lair:1   | Entered Level 1 of the Lair of Beasts
 15002 | Lair:1   | Noticed Urug
 15372 | Lair:1   | Killed Urug
 15373 | Lair:1   | Reached XP level 12. HP: 109/110 MP: 1/26
 15376 | Lair:1   | Reached skill level 10 in Conjurations
 15382 | Lair:1   | Reached skill level 1 in Invocations
 15751 | Lair:1   | Noticed a death yak
 15752 | Lair:1   | Noticed a death yak
 15753 | Lair:1   | Noticed a death yak
 15762 | Lair:1   | Killed a death yak
 15769 | Lair:1   | Killed a death yak
 15770 | Lair:1   | Reached skill level 10 in Fighting
 15774 | Lair:1   | Killed a death yak
 15775 | Lair:1   | Reached skill level 5 in Invocations
 16300 | Lair:1   | Reached **** piety under Hepliaklqana
 16946 | Lair:2   | Found a runed translucent gate.
 16946 | Lair:2   | Found a runed translucent gate.
 16946 | Lair:2   | Found a runed translucent gate.
 17691 | Lair:2   | Noticed Echos's ghost (journeyman FoFi)
 17988 | Lair:3   | Noticed Kirke
 18167 | Lair:3   | Reached skill level 10 in Invocations
 18171 | Lair:3   | Reached XP level 13. HP: 119/119 MP: 19/27
 18172 | Lair:3   | Found a staircase to the Shoals.
 18173 | Lair:3   | Reached ***** piety under Hepliaklqana
 18175 | Lair:3   | Got Baev's Wizardry in Simple Steps
 18233 | Lair:3   | Reached skill level 1 in Fire Magic
 18378 | Lair:3   | Found a staircase to the Snake Pit.
 18520 | Lair:3   | Identified the +0 ring mail of Kism {Dex+2}
 18547 | Lair:3   | Killed Kirke
 19549 | Lair:4   | Learned a level 5 spell: Arcjolt
 19555 | Lair:4   | Learned a level 5 spell: Lightning Bolt
 19928 | Lair:4   | Found a staircase to the Slime Pits.
 19929 | Lair:4   | Found a viscous altar of Jiyva.
 20249 | Lair:4   | Reached skill level 5 in Fire Magic
 21031 | Lair:5   | Entered Level 5 of the Lair of Beasts
 21462 | Lair:5   | Identified the ring "Wirelem" {AC+4 Slay+3}
 21830 | Lair:4   | Acquired the +2 cloak of Fojaon {*Corrode rN+ Int+7}
 21865 | Lair:5   | Reached XP level 14. HP: 98/128 MP: 21/28
 23290 | Lair:5   | Noticed Rupert
 23308 | Lair:5   | Killed Rupert
 23733 | Orc:1    | Entered Level 1 of the Orcish Mines
 23882 | Orc:1    | Found Niasa's Antique Weapon Boutique.
 23950 | Orc:1    | Found Caydipraam's Gadget Gallery.
 24979 | Orc:2    | Entered Level 2 of the Orcish Mines
 25094 | Orc:2    | Found Xeqeddadd's Magic Scroll Boutique.
 25096 | Orc:2    | Noticed an orc warlord
 25106 | Orc:2    | Killed an orc warlord
 25691 | Orc:2    | Found Utamath's Armour Shoppe.
 25721 | Orc:2    | Found a staircase to the Elven Halls.
 25793 | Orc:2    | Found Fuottuh's Antique Weapon Boutique.
 25802 | Orc:2    | Found Watsutua's General Store.
 25881 | Orc:2    | Found Kigitilu's General Store.
 25886 | Orc:2    | Bought a scroll of summoning for 142 gold pieces
 25914 | Orc:2    | Noticed an orc warlord
 25919 | Orc:2    | Reached XP level 15. HP: 39/142 MP: 11/30
 26904 | Orc:2    | Killed an orc warlord
 27384 | Orc:2    | Found Lesir's General Store.
 27385 | Orc:2    | Found Geunnad's Book Emporium.
 27387 | Orc:2    | Found Juusch's Antique Armour Emporium.
 27387 | Orc:2    | Found Koafog's Antique Weapon Shoppe.
 27404 | Orc:2    | Bought a book of Ice for 552 gold pieces
 27435 | Orc:2    | Learned a level 6 spell: Starburst
 27669 | D:12     | Noticed Nergalle
 27673 | D:12     | Killed Nergalle
 27889 | D:12     | Noticed Frances
 27898 | D:12     | Killed Frances
 28369 | D:12     | Learned a level 7 spell: Orb of Destruction
 28521 | D:12     | Noticed Snorg
 28526 | D:12     | Killed Snorg
 29469 | D:13     | Upgraded the game from 0.30-a0-218-gedb9141078 to
                  | 0.30-a0-219-gf2db51d15e
 30295 | D:13     | Identified the +7 trident "Elom" {speed, rF+ Will+ MP+9}
 31213 | D:13     | Found a gate to the Vaults.
 31261 | D:13     | Found Xueh's Distillery.
 32305 | D:14     | Reached XP level 16. HP: 154/154 MP: 31/32
 33685 | D:15     | Entered Level 15 of the Dungeon
 33998 | D:15     | Reached skill level 5 in Ice Magic
 34008 | D:15     | a ghost moth changed into a storm dragon
 34008 | D:15     | Noticed a storm dragon (glowing shapeshifter)
 34621 | D:15     | Reached ****** piety under Hepliaklqana
 35033 | D:15     | Found a staircase to the Depths.
 35684 | Shoals:1 | Entered Level 1 of the Shoals
 35696 | Shoals:1 | Reached skill level 6 in Ice Magic
 36636 | Shoals:1 | Reached skill level 7 in Ice Magic
 37261 | Shoals:1 | Reached skill level 8 in Ice Magic
 37974 | Shoals:2 | Found Iguru Sosao's Weapon Emporium.
 38113 | Shoals:2 | Reached skill level 9 in Ice Magic
 39371 | Shoals:3 | Reached skill level 10 in Ice Magic
 39521 | Shoals:3 | Noticed a kraken
 39537 | Shoals:3 | Killed a kraken
 39652 | Shoals:3 | Reached XP level 17. HP: 158/162 MP: 29/33
 39754 | Shoals:3 | Reached skill level 11 in Ice Magic
 40461 | Shoals:4 | Entered Level 4 of the Shoals
 40542 | Shoals:4 | Identified the +7 falchion of the Blessed Realm {freeze,
                  | rN+}
 40632 | Shoals:3 | Reached skill level 12 in Ice Magic
 40884 | Shoals:4 | Identified the +6 scale mail "Zofuveig" {*Slow Int+2 Dex+2}
 41484 | Shoals:4 | Reached skill level 13 in Ice Magic
 41707 | Shoals:4 | Noticed Louise
 41723 | Shoals:4 | Killed Louise
 42600 | Shoals:4 | Reached skill level 14 in Ice Magic
 42823 | Shoals:4 | Got a barnacled rune of Zot
 42879 | Snake:1  | Entered Level 1 of the Snake Pit
 42989 | Snake:1  | Found a glowing silver altar of Zin.
 43288 | Snake:1  | Learned a level 5 spell: Freezing Cloud
 43405 | Snake:1  | Found a glowing golden altar of the Shining One.
 43875 | Snake:1  | Found a sparkling altar of Nemelex Xobeh.
 43898 | Snake:1  | Reached XP level 18. HP: 170/170 MP: 29/34
 43956 | Snake:1  | Reached skill level 15 in Ice Magic
 44744 | Snake:1  | You are sucked into a shaft and drop 1 floor!
 45063 | Snake:2  | Found Eribb's Self-Improvement Boutique.
 45071 | Snake:2  | Bought a manual of Ice Magic for 1280 gold pieces
 45466 | Snake:2  | Reached skill level 16 in Ice Magic
 46237 | Snake:3  | Reached skill level 17 in Ice Magic
 46636 | Snake:3  | Found Irofeutto's Weapon Emporium.
 46883 | Snake:3  | Found Miach's Magic Scroll Boutique.
 46896 | Snake:3  | Bought 3 scrolls of blinking for 270 gold pieces
 47120 | Snake:3  | Identified the +5 dagger of the Hidden Vale {holy, Str-3
                  | Int+2 Dex+6}
 47208 | Snake:3  | Found Xecvam's Tremendous Tomes.
 47320 | Snake:3  | Reached skill level 18 in Ice Magic
 47614 | Snake:4  | Entered Level 4 of the Snake Pit
 48073 | Snake:4  | Reached skill level 19 in Ice Magic
 48175 | Snake:4  | Identified the +4 long sword "Ciqaefomn" {venom, *Rage
                  | *Noise Str+5 SInv}
 48177 | Snake:4  | Noticed Stonecrops's ghost (adept FoFi)
 48178 | Snake:4  | Found a runed translucent gate.
 48178 | Snake:4  | Found a runed translucent gate.
 48399 | Snake:4  | Noticed a quicksilver dragon
 48547 | Snake:4  | Found a runed translucent gate.
 49144 | Snake:4  | Killed a quicksilver dragon
 49367 | Snake:4  | Noticed a quicksilver dragon
 49372 | Snake:4  | Killed a quicksilver dragon
 49393 | Snake:4  | Reached XP level 19. HP: 119/177 MP: 9/35
 49979 | Snake:4  | Got a serpentine rune of Zot
 50467 | Elf:1    | Entered Level 1 of the Elven Halls
 50682 | Elf:1    | Reached skill level 20 in Ice Magic
 50758 | Elf:1    | Learned a level 7 spell: Ozocubu's Refrigeration
 51831 | Elf:2    | Found Zaub's Armour Shoppe.
 51840 | Elf:2    | Found a frozen archway.
 51878 | IceCv    | Entered an ice cave
 52478 | IceCv    | Noticed a golden dragon
 52489 | IceCv    | Killed a golden dragon
 52557 | IceCv    | Identified the amulet of Dynoid {Acrobat Str+7 Stlth+}
 52561 | IceCv    | Identified the ring "Egagog" {rF+ Will+ AC+4}
 52565 | IceCv    | Identified the amulet "Jiotiq" {Spirit rN+ Regen+}
 53195 | Elf:2    | Found a runed translucent gate.
 53195 | Elf:2    | Found a runed translucent gate.
 53195 | Elf:2    | Found a runed translucent gate.
 53496 | Elf:2    | Reached skill level 15 in Spellcasting
 53958 | Elf:2    | Reached skill level 21 in Ice Magic
 54257 | Elf:2    | Noticed Jorgrun
 54261 | Elf:2    | Killed Jorgrun
 54262 | Elf:2    | Reached XP level 20. HP: 158/185 MP: 31/39
 55162 | Vaults:1 | Entered Level 1 of the Vaults
 55594 | Vaults:1 | Reached skill level 1 in Shields
 57123 | Vaults:1 | Reached skill level 22 in Ice Magic
 57185 | Vaults:1 | Reached skill level 5 in Shields
 57746 | Vaults:2 | Noticed Donald
 57750 | Vaults:2 | Killed Donald
 57790 | Vaults:2 | Noticed a bone dragon
 57840 | Vaults:2 | Killed a bone dragon
 58744 | Vaults:2 | Reached XP level 21. HP: 152/192 MP: 40/40
 58883 | Vaults:2 | Found a staircase to the Crypt.
 59797 | Vaults:3 | Reached skill level 10 in Shields
 59986 | Vaults:2 | Learned a level 9 spell: Polar Vortex
 61630 | Vaults:4 | Reached skill level 23 in Ice Magic
 62786 | Vaults:4 | Reached XP level 22. HP: 197/200 MP: 41/41
 63470 | Vaults:4 | Acquired 977 gold pieces
 63480 | Vaults:5 | Entered Level 5 of the Vaults
 63484 | Vaults:5 | Noticed an ancient lich
 63722 | Vaults:5 | Killed an ancient lich
 64691 | Vaults:5 | Noticed an ancient lich
 64906 | Vaults:5 | Killed an ancient lich
 65313 | Vaults:5 | Noticed an ancient lich
 65321 | Vaults:5 | Killed an ancient lich
 65500 | Abyss:3  | Cast into level 3 of the Abyss (vault warden)
 65546 | Abyss:3  | Reached skill level 24 in Ice Magic
 65739 | Vaults:5 | Escaped the Abyss
 67038 | Vaults:5 | Noticed a dread lich
 67043 | Vaults:5 | Identified the amulet of the Growing Madman {Reflect
                  | *Corrode Fly Dex+6 SH+5}
 67045 | Vaults:5 | Killed a dread lich
 67046 | Vaults:5 | Reached skill level 15 in Shields
 67047 | Vaults:5 | Reached XP level 23. HP: 189/202 MP: 43/43
 67172 | Vaults:5 | Acquired 922 gold pieces
 67236 | Vaults:5 | Identified the +1 whip of the Crawling Thing {drain, rN+
                  | Dex+2}
 67314 | Vaults:5 | Identified the +2 ring mail of Sophism {rN+ Int+2 Slay+3}
 67606 | Vaults:5 | Found the ring of Shadows {Umbra +Inv Stlth+}
 67607 | Vaults:5 | Found the +1 cloak of Starlight {*Dazzle EV+4 Stlth--}
 67643 | Vaults:5 | Learned a level 5 spell: Irradiate
 67645 | Vaults:5 | Identified the +6 long sword of Gallantry {vorpal, rElec
                  | SInv}
 67646 | Vaults:5 | Identified the +6 rapier of Causality {protect, Str+6
                  | Dex+3}
 67738 | Vaults:5 | Identified the +1 leather armour of Resourcefulness {rN+}
 67749 | Vaults:5 | Identified the +0 pair of boots "Zeginer" {Dex+5}
 67862 | Vaults:5 | Noticed a golden dragon
 67868 | Vaults:5 | Killed a golden dragon
 68287 | Vaults:5 | Got Sif Muna's Spellbook of the Figure
 68308 | Vaults:5 | Got a silver rune of Zot
 68595 | Vaults:5 | Found Bamattur's Distillery.
 68600 | Vaults:5 | Bought a potion of heal wounds for 60 gold pieces
 68600 | Vaults:5 | Bought a potion of heal wounds for 60 gold pieces
 68600 | Vaults:5 | Bought a potion of brilliance for 48 gold pieces
 68600 | Vaults:5 | Bought a potion of brilliance for 48 gold pieces
 68600 | Vaults:5 | Bought a potion of resistance for 120 gold pieces
 68600 | Vaults:5 | Bought a potion of heal wounds for 60 gold pieces
 68632 | Vaults:5 | Found Heon's Distillery.
 68662 | Vaults:5 | Bought a potion of brilliance for 92 gold pieces
 68673 | Vaults:5 | Found Noff's Distillery.
 68691 | Vaults:5 | Bought a potion of mutation for 128 gold pieces
 68691 | Vaults:5 | Bought a potion of mutation for 128 gold pieces
 68691 | Vaults:5 | Bought a potion of resistance for 160 gold pieces
 68698 | Vaults:5 | Found Napsaut's Magic Scroll Emporium.
 68698 | Vaults:5 | Found Jaguprui's Distillery.
 68704 | Vaults:5 | Bought a scroll of teleportation for 45 gold pieces
 68704 | Vaults:5 | Bought a scroll of teleportation for 45 gold pieces
 68719 | Vaults:5 | Found Ginuoxt's Magic Scroll Shop.
 68737 | Vaults:5 | Bought a scroll of teleportation for 54 gold pieces
 68737 | Vaults:5 | Bought a scroll of teleportation for 54 gold pieces
 68737 | Vaults:5 | Bought a scroll of blinking for 135 gold pieces
 68737 | Vaults:5 | Bought a scroll of acquirement for 936 gold pieces
 68737 | Vaults:5 | Bought 3 scrolls of blinking for 405 gold pieces
 68743 | Vaults:5 | Acquired 746 gold pieces
 68969 | Depths:1 | Entered Level 1 of the Depths
 69188 | Depths:1 | Reached skill level 15 in Fighting
 69355 | Depths:1 | Found a corrupted altar of Lugonu.
 69363 | Depths:1 | Found a one-way gate to the infinite horrors of the Abyss.
 69618 | Depths:1 | Found a gateway to Hell.
 69767 | Depths:1 | Identified the +0 robe "Nasen" {+Inv Str+2 Int+4 SInv}
 69865 | Depths:1 | Found a one-way gate leading to the halls of Pandemonium.
 70134 | Depths:1 | Identified the +3 dagger of Yhetic {freeze, rN+ Int+3
                  | Stlth+}
 70505 | Depths:2 | Noticed Asterion
 70509 | Depths:2 | Paralysed by a floating eye for 2 turns
 70514 | Depths:2 | Killed Asterion
 70524 | Depths:2 | Noticed a golden dragon
 70528 | Depths:2 | Killed a golden dragon
 70531 | Depths:2 | Noticed Bai Suzhen
 71000 | Depths:2 | Noticed Sojobo
 71005 | Depths:2 | Killed Sojobo
 71043 | Depths:2 | Identified the ring "Lipeareplo" {Fly rCorr}
 71103 | Depths:2 | Killed Bai Suzhen
 71131 | Depths:2 | Paralysed by a floating eye for 2 turns
 71149 | Depths:2 | Reached XP level 24. HP: 152/230 MP: 45/45
 71153 | Depths:2 | Gained mutation: You have a somewhat thin skeletal
                  | structure. (Dex +2, Stealth+) [mutagenic glow]
 71376 | Depths:2 | Found a transporter.
 71559 | Depths:2 | Identified the ring "Cohulom" {Dex+4 SInv}
 71681 | Depths:2 | Found an ornate altar of the Wu Jian Council.
 71820 | Depths:2 | Identified the ring "Hepun" {EV+4 Int+4 Dex+4}
 71894 | Depths:2 | Found a transporter.
 72079 | Depths:2 | Got Elahoeck's Tome of Greatest Risks and Utility
 72168 | Depths:3 | Found a one-way gateway to a ziggurat.
 72174 | Depths:3 | Found Kurghati's Magic Scroll Shop.
 72180 | Depths:3 | Bought a scroll of teleportation for 60 gold pieces
 72180 | Depths:3 | Bought a scroll of teleportation for 60 gold pieces
 72180 | Depths:3 | Bought a scroll of acquirement for 1040 gold pieces
 72180 | Depths:3 | Acquired 781 gold pieces
 72190 | Depths:3 | Noticed Saint Roka
 72198 | Depths:3 | Killed Saint Roka
 72201 | Depths:3 | Found a flickering gateway to a bazaar.
 72208 | Bazaar   | Entered a bazaar
 72332 | Bazaar   | Found Ytsidadd's Magic Scroll Emporium.
 72340 | Bazaar   | Bought a scroll of enchant armour for 105 gold pieces
 72340 | Bazaar   | Bought a scroll of teleportation for 42 gold pieces
 72340 | Bazaar   | Bought a scroll of blinking for 105 gold pieces
 72352 | Bazaar   | Found Vaisov's Magic Scroll Emporium.
 72360 | Bazaar   | Bought a scroll of teleportation for 36 gold pieces
 72360 | Bazaar   | Bought a scroll of teleportation for 36 gold pieces
 72360 | Bazaar   | Bought a scroll of teleportation for 36 gold pieces
 72360 | Bazaar   | Bought a scroll of enchant armour for 90 gold pieces
 72372 | Bazaar   | Found Liops's Distillery.
 72377 | Bazaar   | Bought 2 potions of magic for 192 gold pieces
 72377 | Bazaar   | Bought a potion of resistance for 120 gold pieces
 72377 | Bazaar   | Bought a potion of mutation for 96 gold pieces
 72414 | Bazaar   | Found Duyfuk's Distillery.
 72418 | Bazaar   | Bought a potion of resistance for 120 gold pieces
 72418 | Bazaar   | Bought a potion of mutation for 96 gold pieces
 72442 | Depths:3 | Identified the ring "Buysac" {Ice Str+4 Dex+4 Slay-6}
 72442 | Depths:3 | Noticed Josephina
 72449 | Depths:3 | Killed Josephina
 72971 | Depths:3 | Gained mutation: You occasionally lose the ability to drink
                  | potions when taking damage. [mutagenic glow]
 72979 | Depths:2 | Gained mutation: You are partially covered in iridescent
                  | scales. (AC +2) [mutagenic glow]
 73638 | Depths:3 | Identified the +6 short sword of the Solstice {flame,
                  | *Noise rPois rF+ Stlth+}
 73718 | Depths:3 | Noticed Jory
 73737 | Depths:3 | Killed Jory
 73741 | Depths:3 | Gained mutation: Potions are less effective at restoring
                  | your health. [mutagenic glow]
 73764 | Depths:3 | Lost mutation: You occasionally lose the ability to drink
                  | potions when taking damage. [potion of mutation]
 73764 | Depths:3 | Lost mutation: You are partially covered in iridescent
                  | scales. (AC +2) [potion of mutation]
 73764 | Depths:3 | Gained mutation: You are clumsy. (Dex -2) [potion of
                  | mutation]
 73765 | Depths:3 | Lost mutation: You are clumsy. (Dex -2) [potion of
                  | mutation]
 73765 | Depths:3 | Lost mutation: You have a somewhat thin skeletal structure.
                  | (Dex +2, Stealth+) [potion of mutation]
 73765 | Depths:3 | Lost mutation: Potions are less effective at restoring your
                  | health. [potion of mutation]
 73765 | Depths:3 | Gained mutation: You are frail. (-10% HP) [potion of
                  | mutation]
 73765 | Depths:3 | Lost mutation: You are frail. (-10% HP) [potion of
                  | mutation]
 74173 | Depths:3 | Found Gaomulur's Book Boutique.
 74178 | Depths:3 | Bought a book of Sloth for 612 gold pieces
 74195 | Depths:3 | Found Qycihuuch's Assorted Antiques.
 74296 | Depths:3 | Found Jumur's Armour Emporium.
 74320 | Depths:3 | Reached skill level 1 in Transmutations
 74320 | Depths:3 | Reached skill level 1 in Earth Magic
 74509 | Depths:3 | Identified the +0 ring mail of the Planets {SInv}
 74710 | Depths:4 | Entered Level 4 of the Depths
 74783 | Depths:4 | Learned a level 6 spell: Statue Form
 75265 | Depths:4 | Found Big Baal Hell's Store.
 76089 | Depths:4 | Found a hazy altar of Hepliaklqana.
 76226 | Depths:4 | Reached skill level 5 in Transmutations
 76226 | Depths:4 | Reached skill level 5 in Earth Magic
 76242 | Depths:4 | Reached XP level 25. HP: 144/238 MP: 17/46
 77154 | Depths:4 | Found a gate to the Realm of Zot.
 77722 | Depths:4 | Gained mutation: You have very sharp teeth. [mutagenic
                  | glow]
 77737 | Depths:4 | Gained mutation: You occasionally lose the ability to read
                  | scrolls when taking damage. [mutagenic glow]
 77746 | Depths:4 | Gained mutation: Armour fits poorly on your strangely
                  | shaped body. [mutagenic glow]
 77750 | Depths:4 | Lost mutation: You have very sharp teeth. [potion of
                  | mutation]
 77750 | Depths:4 | Lost mutation: You occasionally lose the ability to read
                  | scrolls when taking damage. [potion of mutation]
 77750 | Depths:4 | Gained mutation: Your system is resistant to poisons.
                  | (rPois) [potion of mutation]
 77750 | Depths:4 | Gained mutation: You possess an exceptional clarity of
                  | mind. [potion of mutation]
 77751 | Depths:4 | Lost mutation: Your system is resistant to poisons. (rPois)
                  | [potion of mutation]
 77751 | Depths:4 | Lost mutation: You possess an exceptional clarity of mind.
                  | [potion of mutation]
 77751 | Depths:4 | Gained mutation: You have sharp toenails. [potion of
                  | mutation]
 77751 | Depths:4 | Gained mutation: You have razor-sharp toenails. [potion of
                  | mutation]
 77751 | Depths:4 | Lost mutation: Armour fits poorly on your strangely shaped
                  | body. [potion of mutation]
 77751 | Depths:4 | Gained mutation: Your flesh is heat resistant. (rF+)
                  | [potion of mutation]
 78604 | Zot:1    | Entered Level 1 of the Realm of Zot
 79422 | Zot:1    | Noticed Parghit
 79427 | Zot:1    | Killed Parghit
 80129 | Zot:2    | Reached skill level 10 in Transmutations
 80129 | Zot:2    | Reached skill level 10 in Earth Magic
 80704 | Zot:2    | Reached XP level 26. HP: 169/246 MP: 16/46
 82626 | Zot:3    | Gained mutation: You occasionally shout uncontrollably at
                  | your foes. [mutagenic glow]
 85494 | Zot:5    | Entered Level 5 of the Realm of Zot
 85505 | Zot:5    | Noticed a Killer Klown
 85507 | Zot:5    | Killed a Killer Klown
 85678 | Zot:5    | Reached skill level 15 in Invocations
 85936 | Zot:5    | Noticed a Killer Klown
 85940 | Zot:5    | Killed a Killer Klown
 86214 | Zot:5    | Noticed a dread lich
 86222 | Zot:5    | Killed a dread lich
 86258 | Zot:5    | Noticed an ancient lich
 86275 | Zot:5    | Noticed an orb of fire
 86277 | Zot:5    | Noticed an orb of fire
 86277 | Zot:5    | Noticed a Killer Klown
 86277 | Zot:5    | Noticed a Killer Klown
 86279 | Zot:5    | Noticed an orb of fire
 86279 | Zot:5    | Gained mutation: You frequently scream uncontrollably at
                  | your foes. [an orb of fire]
 86279 | Zot:5    | Killed an ancient lich
 86280 | Zot:5    | Reached XP level 27. HP: 192/253 MP: 43/46
 86280 | Zot:5    | Noticed an orb of fire
 86282 | Zot:5    | Gained mutation: You sometimes lose your temper in combat.
                  | [an orb of fire]
 86284 | Zot:5    | Gained mutation: You expend magic power (3 MP) to
                  | strengthen your wands. [an orb of fire]
 86287 | Zot:5    | HP: 12/328 [orb of fire/fireball (18)]
 86287 | Zot:5    | Killed from afar by an orb of fire

Illustrated notes

Levels and vault maps discovered:
D:1:      scummos_arrival_star, layout_loops_ring, st_stairs_1,
          serial_bayou_lake_a
D:2:      layout_loops_corners
D:3:      layout_loops_ring, chequers_ecumenical_altar_twisty, nicolae_wormholes
D:4:      layout_loops_ring, kennysheep_mini, okawaru_altar_gauntlet_db,
          serial_demonic, serial_demonic_d, serial_demonic_c, serial_demonic_g,
          serial_demonic_f, serial_demonic_d, serial_demonic_c,
          serial_demonic_d, serial_demonic_a, serial_demonic_d, serial_demonic_b
D:5:      layout_rooms, nzn_wu_jian_council_hall, old_standard_altar,
          nicolae_overflow_hidden_temple, gammafunk_temple_overflow_wave,
          ebering_ghost_sewer_f, portal_sewer_entry_a
D:6:      layout_loops_ring, serial_shops, nicolae_stop_n_shop_2
D:7:      layout_basic, mainiacjoe_overflow_small_starburst,
          minmay_temple_entry_statues_fountains, nicolae_ossuary_entry_plus,
          uniq_duvessa, uniq_maggie
D:8:      layout_rooms, dancing_weapons_uskayaw, minmay_lair_entry_grove
D:9:      layout_roguey, uniq_maurice, uniq_grum
D:10:     layout_rooms, lemuel_crystal_altar, jmf_multi_god_temple2,
          orc_0_dummy, nicolae_zen_rock_garden
D:11:     layout_small_grid
D:12:     layout_irregular_city, gauntlet_entry_generic, grunt_ministairs_11,
          uniq_snorg, uniq_frances, uniq_nergalle
D:13:     layout_cave_pods, lightli_vaults_fourway_checkpoint, serial_shops,
          nicolae_shop_behind_doors, minivault_14, drop_trap,
          minmay_protected_statue
D:14:     minmay_inner_zag, layout_layer_cave, minmay_misc_feat_tower
D:15:     hangedman_depths_entry_try_elsewhere_first, layout_stronghold,
          minmay_misc_feat_tiny
Lair:1:   layout_gridlike, beast_lair_carwin_10, uniq_urug
Lair:2:   layout_chaotic_city, gammafunk_ghost_icy, lemuel_fruit_fields
Lair:3:   layout_cave_pods, elwin_shoals_entry_rocks, dummy_snake_entry,
          uniq_kirke
Lair:4:   layout_small_grid, slime_entry_1, chequers_serial_rivers_small_a,
          lemuel_fruit_fields, lemuel_fruit_fields, infiniplex_staircase_pool
Lair:5:   grunt_lair_end_beastmaster, layout_gridlike,
          infiniplex_staircase_pool_2, serial_bayou_shore_b,
          lemuel_fruit_fields, serial_bayou_shore_b, uniq_rupert
Shoals:1: layout_shoals, nicolae_shoals_sun_and_surf
Shoals:2: cheibrodos_shoals_roost, layout_shoals, serial_shops,
          nicolae_shop_bloodbath_and_beyond
Shoals:3: layout_shoals, nicolae_splish_splash
Shoals:4: shoals_end_simple, layout_shoals, uniq_louise
Snake:1:  layout_layer_cave, basic_altar, hangedman_feature_mirror,
          grunt_megastairs_1
Snake:2:  layout_honeycomb, nicolae_shop_self_help
Snake:3:  layout_basic, serial_shops, shop, shop, nicolae_shop_i_like_big_books
Snake:4:  hellmonk_snake_rune_quicksilver_temple, layout_onion,
          gammafunk_ghost_split
Orc:1:    layout_diamond_mine, serial_shops, shop, special_room
          [special_room_orc], roderic_batcave, nicolae_shop_gadgets
Orc:2:    st_orc_congregation, layout_caves, serial_shops, shop,
          nicolae_shop_trees, shop_fountains, shop, nicolae_shop_trees
Elf:1:    layout_loops_cross, item_on_display_a
Elf:2:    nicolae_elf_blades_splatter_lattice [mumra_blade_entry_bloodbath],
          layout_gridlike, serial_shops, shop,
          portal_ice_cave_entry_pillars_three, uniq_jorgrun
Vaults:1: v_rooms_2, vaults_room_grid, nicolae_vaults_network_quinsquares
          [nicolae_vaults_network_quincunx_subvault,
          nicolae_vaults_network_quincunx_subvault,
          nicolae_vaults_network_quincunx_subvault,
          nicolae_vaults_network_quincunx_subvault], ontoclasm_vaults_fault,
          nicolae_vaults_asterisk, nicolae_vaults_know_your_exits,
          vaults_room_corners, nicolae_vaults_border_crossing,
          nicolae_vaults_theta, layout_vaults_quadrants
Vaults:2: v_misc_25, minmay_crypt_entry_nasty_monster, vaults_room_pool,
          v_alt_pattern_5, vaults_room_stairs_pillars, st_spiral_rooms,
          hangedman_vaults_snaps, grunt_vaults_swirl, ontoclasm_vaults_shuriken,
          vaults_room_door_ring, v_pattern_2, vaults_room_hallway, v_misc_4,
          hangedman_vaults_corner, vaults_room_semicircle,
          grunt_vaults_hallway_short, layout_vaults_maze_snakey, uniq_donald
Vaults:3: grunt_vaults_focal, nicolae_vaults_three_branches,
          nicolae_vaults_stairing_the_circle, nicolae_vaults_little_squares_4,
          nicolae_vaults_what_the_h, nicolae_vaults_shelves_hall,
          hangedman_vaults_impose, v_rooms_6, vaults_room_semicircle,
          vaults_dpeg_diagonal, layout_vaults_ring
Vaults:4: ontoclasm_vaults_decontamination, ontoclasm_vaults_claustrophobia,
          hangedman_vaults_stagger, ontoclasm_vaults_ring_square,
          vaults_room_hallway, v_pattern_3, serial_ice_b,
          dpeg_vaults_monster_box, layout_vaults_chaotic_city
Vaults:5
Depths:1: layout_basic, hangedman_coc_ice_floe, grunt_pan_entry_spiral,
          abyss_entry_flame_altar, serial_bayou_pond_d, kennysheep_four_rooms
Depths:2: hangedman_spin_cycle, abyss_entry, pan_entry, hell_entry,
          uniq_asterion, uniq_bai_suzhen
Depths:3: minmay_complete_graph, layout_honeycomb, enter_ziggurat_f,
          abyss_entry, hell_entry, moated_statue, serial_shops, bzr_in_the_mist,
          nicolae_shop_hallway_stairs, shop, shop, nicolae_stop_n_shop_2,
          uniq_jory, uniq_saint_roka, uniq_josephina
Depths:4: lemuel_castle_with_subvaults [lemuel_castle_interior_carwin_2],
          layout_honeycomb, nicolae_hell_entry_big_baal_hell,
          rand_demon_pan_entry_9, nicolae_hepliaklqana_hippocampus,
          minmay_misc_feat_plants, uniq_sojobo
Zot:1:    layout_twisted_circle, uniq_parghit
Zot:2:    layout_cathedral_of_symmetry
Zot:3:    layout_twisted_circle, uniq_grunn
Zot:4:    layout_basic, grunt_megastairs_2
Zot:5:    layout_gridville, bh_zot_ikea_curve, st_stairs_10

Skill      XL: |  1  2  3  4  5  6  7  8  9 10 11 12 13 14 15 16 17 18 19 20 21 22 23 24 25 26 |
---------------+-------------------------------------------------------------------------------+-----
Conjurations   | 1 2 4 9 10 13 14 | 14.0
Air Magic      | 3 4 5 6 8 9 10 11 12 | 12.4
Spellcasting   | 3 4 5 6 8 10 11 12 15 16 18 19 | 19.1
Fighting       | 1 6 9 10 12 14 18 | 18.0
Ice Magic      | 3 4 10 14 19 21 22 23 24 | 24.0
Invocations    | 10 12 15 | 15.8
Fire Magic     | 6 8 |  8.9
Shields        | 8 12 15 16 17 19 | 19.9
Transmutations | 5 10 | 10.0
Earth Magic    | 5 10 | 10.0
Dodging        | |  1.8
Stealth        | |  1.4

Action                   |  1- 3 |  4- 6 |  7- 9 | 10-12 | 13-15 | 16-18 | 19-21 | 22-24 | 25-27 || total
-------------------------+-------+-------+-------+-------+-------+-------+-------+-------+-------++-------
Melee: Unarmed           |    44 |     1 |       |       |       |       |       |       |       ||    45
       Club              |       |    60 |    13 |       |       |       |       |       |       ||    73
       Short sword       |       |       |   193 |   108 |   197 |       |       |       |       ||   498
       Punch             |       |       |     1 |     3 |     4 |       |       |       |       ||     8
       Trident           |       |       |       |       |    16 |    38 |    79 |   274 |   303 ||   710
       Kick              |       |       |       |       |       |       |       |       |   102 ||   102
 Cast: Shock             |    74 |   144 |   171 |   308 |   173 |    27 |     6 |       |       ||   903
       Static Discharge  |       |    20 |    68 |    58 |     3 |       |       |       |       ||   149
       Airstrike         |       |       |     9 |    22 |    55 |   302 |    46 |    20 |       ||   454
       Swiftness         |       |       |     1 |     1 |     5 |     1 |     3 |     2 |     4 ||    17
       Iskenderun's Myst |       |       |       |    12 |    22 |     9 |    36 |    17 |     2 ||    98
       Frozen Ramparts   |       |       |       |     7 |    10 |     3 |       |       |       ||    20
       Lightning Bolt    |       |       |       |       |    90 |   286 |   111 |    84 |    17 ||   588
       Arcjolt           |       |       |       |       |    88 |     5 |       |       |       ||    93
       Starburst         |       |       |       |       |    13 |    74 |    62 |    23 |    12 ||   184
       Orb of Destructio |       |       |       |       |    10 |    18 |    17 |    13 |     9 ||    67
       Freezing Cloud    |       |       |       |       |       |    22 |     6 |     2 |       ||    30
       Ozocubu's Refrige |       |       |       |       |       |       |   251 |    84 |    33 ||   368
       Polar Vortex      |       |       |       |       |       |       |     8 |    32 |    25 ||    65
       Irradiate         |       |       |       |       |       |       |       |    84 |    72 ||   156
       Statue Form       |       |       |       |       |       |       |       |       |    40 ||    40
Invok: Ancestor Life: Ba |       |       |       |     1 |       |       |       |       |       ||     1
       Ancestor Identity |       |       |       |     1 |       |       |       |       |       ||     1
       Recall Ancestor   |       |       |       |     3 |     2 |     4 |     3 |     3 |     1 ||    16
       Idealise          |       |       |       |       |     6 |     3 |     3 |     7 |     7 ||    26
Evoke: Wand              |       |       |       |       |     1 |       |       |       |     1 ||     2
       Phial of floods   |       |       |       |       |       |       |       |       |     1 ||     1
  Use: Potion            |     1 |     2 |     1 |     1 |     2 |     3 |       |    11 |    11 ||    32
       Scroll            |       |       |    15 |    11 |    15 |    11 |     4 |    10 |     3 ||    69
 Stab: Distracted        |       |       |       |     2 |     1 |       |       |     1 |     2 ||     6
       Sleeping          |       |       |       |       |       |       |     1 |       |       ||     1
Armor: Robe              |    19 |    35 |       |       |       |       |       |       |       ||    54
       Acid dragon scale |       |       |   127 |   135 |   204 |   122 |    89 |   164 |    64 ||   905
       Skin              |       |       |       |       |       |       |       |       |   268 ||   268
Dodge: Dodged            |    21 |    42 |   153 |   127 |   173 |   139 |    64 |   111 |   165 ||   995
Block: Kite shield       |       |       |       |       |       |       |    47 |   190 |   342 ||   579
       Reflection        |       |       |       |       |       |       |    10 |    19 |    10 ||    39

Table legend: (Time is in decaauts)
 A = Elapsed time spent in this place.
 B = Non-inter-level travel time spent in this place.
 C = Inter-level travel time spent in this place.
 D = Time resting spent in this place.
 E = Time spent auto-exploring this place.
 F = Levels seen in this place.
 G = Mean time per level.
                   A        B        C        D        E       F      G
               +--------+--------+--------+--------+--------+-----+--------+
         Total |  87273 |  84191 |   3082 |  13712 |  58403 |  50 | 1745.5 |
       Dungeon |  23192 |  21851 |   1341 |   3393 |  15840 |  15 | 1546.1 |
          Lair |   8886 |   8473 |    413 |   1285 |   6034 |   5 | 1777.2 |
        Shoals |   6757 |   6535 |    222 |    490 |   5232 |   4 | 1689.2 |
     Snake Pit |   7378 |   7208 |    170 |   1427 |   4955 |   4 | 1844.5 |
  Orcish Mines |   3899 |   3671 |    228 |   1206 |   1982 |   2 | 1949.5 |
   Elven Halls |   3596 |   3408 |    188 |      0 |   2886 |   2 | 1798.0 |
        Vaults |  13502 |  13246 |    256 |   3278 |   8186 |   5 | 2700.4 |
        Depths |   9487 |   9326 |    161 |   1235 |   6608 |   4 | 2371.8 |
           Zot |   8522 |   8422 |    100 |   1398 |   5374 |   5 | 1704.4 |
         Abyss |    238 |    238 |      0 |      0 |    142 |   1 |  238.0 |
        Bazaar |    223 |    223 |      0 |      0 |    184 |   1 |  223.0 |
       Ossuary |    684 |    684 |      0 |      0 |    424 |   1 |  684.0 |
      Ice Cave |    903 |    903 |      0 |      0 |    555 |   1 |  903.0 |
               +--------+--------+--------+--------+--------+-----+--------+

Top non-repeatable levels by time:
Vaults:4: 5237 daAuts
Depths:4: 3981 daAuts
   Orc:1: 2517 daAuts
   Zot:3: 2500 daAuts
Vaults:2: 2493 daAuts
   Elf:2: 2474 daAuts
   Zot:2: 2347 daAuts
Vaults:1: 2305 daAuts
    D:12: 2276 daAuts
  Lair:3: 2267 daAuts
Shoals:4: 2134 daAuts
 Snake:3: 2128 daAuts
Depths:2: 2116 daAuts
  Lair:5: 2041 daAuts
  Lair:4: 2011 daAuts
